AoeStats
← 知耻而后勇喜笑颜开

Arabia

503129086Analyzed
2v2 RM · 1mo ago on Aug 30, 2026· 40m 48s· 4 players
Game mode
Random Map
Map size
Medium (4 player)
Population
200
Speed
Normal
Resources
Standard
Victory
Conquest
Starting age
Dark Age
Ending age
Imperial Age
RankedLock teamsTeams togetherTeam positionsShared explorationLock speedFull tech treeHidden civsTurbo modeCheats
Victory
Defeat
1103
+11
🇨🇳 Berbers · China
1003
+16
🇷🇺 Inca · Russia
1000
-42
🇩🇪 Portuguese · Germany
1000
-42
知耻而后勇喜笑颜开
8:55 Feudal Age
9:22 Double-Bit Axe
9:28 Loom
10:21 Wheelbarrow
9:33 Horse Collar
18:30 Castle Age
17:55 Fletching
19:39 Bow Saw
19:30 Heavy Plow
19:29 Town Watch
20:30 Hand Cart
20:28 Fervor
20:46 Sanctity
20:35 Bodkin Arrow
26:49 Treadmill Crane
29:31 Masonry
29:42 Ballistics
34:27 Imperial Age
32:52 Padded Archer Armor
33:57 Chemistry
33:45 Wagenburg Tactics
35:05 Redemption
35:25 Block Printing
35:39 Conscription
35:26 Hussite Reforms
36:01 Siege Engineers
36:26 Architecture
35:56 Murder Holes
36:02 Bracer
36:35 Block Printing
37:44 Redemption
37:49 Block Printing
38:00 Illumination
37:35 Atonement
37:35 Devotion
37:31 Herbal Medicine
38:11 Theocracy
重庆kris
4:19 Loom
12:04 Feudal Age
21:45 Castle Age
24:18 Stone Mining
24:17 Double-Bit Axe
24:15 Horse Collar
24:02 Light Cavalry
26:17 Bloodlines
28:14 Heavy Plow
29:27 Husbandry
31:31 Forging
32:30 Bow Saw
32:29 Gold Mining
34:17 Wheelbarrow
33:28 Town Watch
35:28 Hand Cart
38:37 Imperial Age
37:17 Scale Barding Armor
38:41 Cavalier
39:44 Chain Barding Armor
40:00 Iron Casting
Лопатно
3:26 Loom
10:56 Feudal Age
12:21 Wheelbarrow
12:22 Double-Bit Axe
14:32 Horse Collar
15:44 Champi Runner
21:22 Forging
21:03 Fletching
21:17 Scale Mail Armor
26:13 Castle Age
30:24 Andean Sling
30:53 Town Watch
32:44 Fletching
34:29 Hand Cart
34:14 Town Patrol
35:51 Bodkin Arrow
36:35 Iron Casting
35:53 Champi Warrior
36:20 Arson
36:36 Squires
42:22 Imperial Age
40:10 Pikeman
TertiaryPlace20
1:54 Loom
10:50 Feudal Age
13:14 Wheelbarrow
12:32 Double-Bit Axe
24:32 Castle Age
Connection lost

Rejoining the realm…

Still unreachable

The connection could not be restored.

Session expired

The server has moved on; the page needs a fresh start.